 Dungeon Crawl Stone Soup version 0.23-a0-269-g65e0026 (console) character file.

635 bli the Insei (level 7, -4/41 HPs)
             Began as an Octopode Transmuter on Sept 30, 2018.
             Was an Initiate of Hepliaklqana.
             Slain by Edmund
             ... wielding a +2 antimagic flail
              (11 damage)
             ... on level 5 of the Dungeon.
             The game lasted 00:16:59 (4108 turns).

bli the Insei (Octopode Transmuter)                 Turns: 4108, Time: 00:16:59

Health: -4/41      AC:  1    Str: 11    XL:     7   Next: 50%
Magic:  5/10       EV: 15    Int: 15    God:    Hepliaklqana [......]
Gold:   70         SH:  0    Dex: 13    Spells: 7/10 levels left

rFire    . . .     SeeInvis .     - Unarmed
rCold    . . .     Gourm    .   (no shield)
rNeg     . . .     Faith    .   (helmet restricted)
rPois    .         Spirit   .   w - amulet of magic regeneration (curse)
rElec    .         Reflect  .   (no ring)
rCorr    .         Harm     .   (no ring)
MR       .....                  (no ring)
Stlth    ++++......             (no ring)
HPRegen  0.13/turn              (no ring)
MPRegen  0.37/turn              (no ring)
                                (no ring)
                                (no ring)

@: very slightly contaminated
A: almost no armour, stealthy swim, amphibious, 8 rings, constrict 8, reduced
essence, camouflage 1, gelatinous body 1
a: Recall Ancestor, Ancestor Identity, Renounce Religion


You were on level 5 of the Dungeon.
You worshipped Hepliaklqana.
Hepliaklqana was noncommittal.
You were very hungry.

You visited 2 branches of the dungeon, and saw 6 of its levels.

You collected 220 gold pieces.
You spent 150 gold pieces at shops.

Inventory:

Hand Weapons
 e - a +0 hand axe
 o - a +0 rapier
 q - a +0 dagger
 r - a +0 rapier
 t - a +0 long sword
 A - a cursed -3 trident
Missiles
 a - 50 arrows
 h - 154 stones (quivered)
 x - 68 sling bullets
Armour
 y - the +2 robe "Hugis" {rElec, unknown}
   (You found it on level 4 of the Dungeon)

   It insulates you from electricity.
Jewellery
 w - a cursed amulet of magic regeneration (around mantle)
Scrolls
 b - 2 scrolls of blinking {unknown}
 f - 5 scrolls of identify {unknown}
 i - 2 scrolls of remove curse {unknown}
 j - a scroll of fear {unknown}
 l - a scroll of magic mapping {unknown}
 u - 4 scrolls of teleportation {unknown}
Potions
 d - a potion of ambrosia {unknown}
 k - 2 potions of brilliance {unknown}
 m - 3 potions of lignification {unknown}
 n - a potion of heal wounds {unknown}
 p - 2 potions of curing {unknown}
 s - 3 potions of haste
 v - a potion of resistance {unknown}
 z - a potion of flight {unknown}
Comestibles
 c - 4 rations


   Skills:
 * Level 3.2 Fighting
 * Level 4.0 Dodging
 + Level 3.8 Stealth
 + Level 5.9 Unarmed Combat
 + Level 2.2 Spellcasting
 + Level 2.4 Transmutations


You had 7 spell levels left.
You knew the following spells:

 Your Spells              Type           Power        Failure   Level  Hunger
a - Beastly Appendage     Tmut           #.....       8%          1    #......
S - Sticks to Snakes      Tmut           #.......     12%         2    ###....

Your spell library contained the following spells:

 Spells                   Type           Power        Failure   Level  Hunger
 Spider Form              Tmut/Pois      #.........   36%         3    ###....
 Ice Form                 Ice/Tmut       #.......     78%         4    #####..
 Blade Hands              Tmut           #.........   91%         5    ######.


Dungeon Overview and Level Annotations

Branches:
Dungeon (5/15)             Temple (1/1) D:4

Altars:
Ashenzari
Dithmenos
Elyvilon
Fedhas
Gozag
Hepliaklqana
Kikubaaqudgha
Makhleb
Nemelex Xobeh
Okawaru
Qazlal
Sif Muna
Trog
Wu Jian
Xom
Yredelemnul
The Shining One

Shops:
D:5 *=

Annotations:
D:4 2 runed doors, nht's ghost, amateur OpAs
D:5 Edmund


Innate Abilities, Weirdness & Mutations

You cannot wear most types of armour.
You are very stealthy in the water. (Stealth+)
You are amphibious.
You can wear up to eight rings at the same time.
You can use your tentacles to constrict eight enemies at once.
Your skin changes colour to match your surroundings (Stealth+).
Your rubbery body absorbs attacks. (AC +1, EV +1)
Your life essence is reduced to manifest your ancestor. (-10% HP)


Message History

You hear a splash.
Ku-aya barely misses Edmund.
You tentacle-slap Edmund. You grab Edmund.
Edmund is moderately wounded.
You constrict Edmund, but do no damage.
Ku-aya hits Edmund but does no damage.
You release your grip on Edmund.
You barely miss Edmund. You grab Edmund.
Edmund is moderately wounded.
You constrict Edmund, but do no damage.
Ku-aya hits Edmund but does no damage.
Edmund hits you with an antimagic flail.
* * * LOW HITPOINT WARNING * * *
You release your grip on Edmund.
Ku-aya barely misses Edmund.
Casting: Sticks to Snakes (safe; 12% risk of failure)
Confirm with . or Enter, or press ? or * to list all spells.
You miscast Sticks to Snakes.
You are very lightly contaminated with residual magic.
Your skin glows momentarily.
You are feeling very hungry.
Edmund hits you with an antimagic flail!
You die...

#............##### #
#.......<........# .#
...)<............#####.##
........................#
##......................#
#......................#
##.............#.......#
##.....#.....##.......#
#########.####......∩#
#.# #≈@R≈≈(..# ## ##.#
#@#+#(...# .######## #..#
#≈# #≈...# ........###.##
#≈# #≈..## .####.......#
#≈≈ ≈≈..# ## #...#####
###.##..# ##### #. !..# #
####


You could see the friendly Ku-aya the ancestor and Edmund.

Vanquished Creatures
  A water moccasin (D:5)
  A necrophage (D:2)
  An ogre (D:4)
  An ice beast (D:5)
  3 hounds
  8 adders
  A shadow imp (D:5)
  3 oozes
  An adder skeleton (D:5)
  A worm (D:3)
  A dart slug (D:3)
  2 leopard geckos (D:1)
  4 orcs (D:5)
  2 ball pythons
  4 giant cockroaches
  6 goblins
  6 hobgoblins
  2 jackals
  9 kobolds
  2 quokkas
  7 bats
  7 frilled lizards
  A jackal skeleton (D:5)
  A leopard gecko skeleton (D:4)
  13 rats
88 creatures vanquished.

Vanquished Creatures (collateral kills)
  An orc (D:5)
  A giant cockroach (D:4)
2 creatures vanquished.

Grand Total: 90 creatures vanquished

Notes
Turn   | Place    | Note
-------+----------+-------------------------------------------
     0 | D:1      | bli the Octopode Transmuter began the quest for the Orb.
     0 | D:1      | Reached XP level 1. HP: 13/13 MP: 3/3
    89 | D:1      | Reached XP level 2. HP: 7/18 MP: 3/5
   504 | D:1      | Reached skill level 1 in Stealth
   822 | D:1      | Reached XP level 3. HP: 22/23 MP: 4/6
  1382 | D:2      | Reached skill level 4 in Unarmed Combat
  1382 | D:2      | Reached XP level 4. HP: 25/29 MP: 5/7
  1480 | D:2      | Learned a level 2 spell: Sticks to Snakes
  1644 | D:3      | Found a stormy altar of Qazlal.
  1692 | D:3      | Found a sparkling altar of Nemelex Xobeh.
  2235 | D:3      | Noticed a necrophage
  2257 | D:2      | Killed a necrophage
  2257 | D:2      | Reached XP level 5. HP: 8/35 MP: 6/8
  2645 | D:3      | Reached skill level 5 in Unarmed Combat
  2680 | D:3      | Reached XP level 6. HP: 30/41 MP: 9/9
  2719 | D:3      | Found a blossoming altar of Fedhas.
  3114 | D:4      | Found a large runed door.
  3114 | D:4      | Found a large runed door.
  3115 | D:4      | Noticed nht's ghost (amateur OpAs)
  3155 | D:4      | Found a staircase to the Ecumenical Temple.
  3185 | Temple   | Entered the Ecumenical Temple
  3391 | Temple   | Became a worshipper of Hepliaklqana the Forgotten
  3595 | D:4      | Got a sheer robe
  3728 | D:5      | Entered Level 5 of the Dungeon
  3753 | D:5      | Reached XP level 7. HP: 33/40 MP: 10/10
  3782 | D:5      | Found a basalt altar of Yredelemnul.
  3875 | D:5      | Found Natinum's General Store.
  3906 | D:5      | Bought a potion of haste for 150 gold pieces
  4084 | D:5      | Found Yrosash's Jewellery Shoppe.
  4092 | D:5      | Noticed Edmund
  4108 | D:5      | Slain by Edmund

Vault maps used:
D:1:      ebering_trefoil_twist
D:2:      lemuel_upstairs_altar
D:3:      nemelex_xobeh_ov_fountains_minmay, fedhas_altar_4,
          nicolae_qazlal_general_emergency, kennysheep_generic_room_7
D:4:      minmay_temple_entry_statues_pillars, ebering_ghost_disaster_area,
          first_ration
D:5:      overflow_temple_1_default, serial_shops, shop, shop_fountains,
          kennysheep_mini_moat, uniq_edmund, uniq_crazy_yiuf_cottage
Temple:   nicolae_temple_figure_eight

Skill      XL: |  1  2  3  4  5  6  7 |
---------------+----------------------+-----
Stealth        | 1 2 3 |  3.8
Unarmed Combat | 4 5 |  5.9
Fighting       | 2 3 |  3.2
Dodging        | 3 4 |  4.0
Spellcasting   | |  2.2
Transmutations | |  2.4

Action                   |  1- 3 |  4- 6 |  7- 9 || total
-------------------------+-------+-------+-------++-------
Melee: Unarmed           |    73 |   117 |    27 ||   217
       Constrict         |    22 |    27 |     7 ||    56
       Tentacles         |    11 |    14 |     2 ||    27
       Punch             |     1 |     2 |       ||     3
       Kick              |     7 |    12 |     5 ||    24
Throw: Stone             |       |     2 |       ||     2
       Tomahawk          |       |       |     2 ||     2
 Cast: Beastly Appendage |    14 |    16 |     3 ||    33
       Sticks to Snakes  |       |     1 |     2 ||     3
 Stab: Sleeping          |     4 |    11 |     2 ||    17
       Distracted        |     1 |       |     1 ||     2
  Eat: Chunk             |     2 |     7 |     1 ||    10
Armor: Skin              |     5 |     7 |     2 ||    14
Dodge: Dodged            |    44 |    69 |     8 ||   121

Table legend:
 A = Non-vault XP
 B = Vault XP
 C = Vault XP percentage of total XP
 D = Non-vault monster count
 E = Vault monster count
 F = Vault count percentage of total count
                 A         B        C        D         E       F
            +---------+---------+-------+---------+---------+-------
      Total |     905 |       3 |   0.3 |      88 |       2 |   2.2
            +---------+---------+-------+---------+---------+-------
        D:1 |      35 |       0 |   0.0 |      22 |       0 |   0.0
        D:2 |     194 |       0 |   0.0 |      18 |       0 |   0.0
        D:3 |      88 |       3 |   3.3 |      23 |       2 |   8.0
        D:4 |     242 |       0 |   0.0 |      12 |       0 |   0.0
        D:5 |     346 |       0 |   0.0 |      13 |       0 |   0.0
            +---------+---------+-------+---------+---------+-------
